[Event "Titled Tuesday Blitz August 22 Early 2023"]
[White "Paichadze, Luka"]
[Black "Shvedova, Alexandra"]
[WhiteFideId "13602934"]
[BlackFideId "54154782"]
[WhiteElo "2827"]
[BlackElo "2541"]
[Result "1-0"]
[Round "2"]
[TimeControl "180+1"]
[Date "2023.08.22"]
[WhiteClock "0:00:11"]
[BlackClock "0:00:04"]
[Board "62"]

1. e4 e5 2. d4 exd4 3. Qxd4 Nc6 4. Qe3 d6 5. Nc3 Nf6 6. Bd2 Be7 7. O-O-O O-O 8. Qg3 a6 9. Be2 Kh8 10. f3 b5 11. Qf2 b4 12. Nd5 a5 13. Nxe7 Qxe7 14. Nh3 Ba6 15. Bg5 Bxe2 16. Qxe2 Qe6 17. Kb1 a4 18. Nf4 Qe5 19. Bxf6 Qxf4 20. Bd4 Nxd4 21. Rxd4 b3 22. cxb3 axb3 23. axb3 Rfb8 24. Rc1 Ra1+ 25. Kxa1 Qxc1+ 26. Ka2 Qc5 27. Ra4 h6 28. Qc4 Qf2 29. Qxf7 Qxg2 30. Qxc7 Rf8 31. Qxd6 Rxf3 32. Ra8+ Kh7 33. Qd5 Rf2 34. Qg8+ Kg6 35. Ra6+ Kh5 36. Qd5+ Kh4 37. Qe5 Re2 38. Ra4 Qg4 39. Qd5 Qg2 40. e5+ Kg5 41. h4+ Kf5 42. Qf7+ Kxe5 43. Qf4+ Ke6 44. Ra6+ Ke7 45. Ra7+ Ke6 46. Qf7+ Kd6 47. Ra6+ Ke5 48. Re6+ Kd4 49. Qd7+ Kc5 50. Qe7+ 1-0


[Site "https://www.chess.com"]

[Event "Titled Tuesday Blitz August 22 Early 2023"]
[White "Nazaretyan, Tigran"]
[Black "Yanchenko, Roman"]
[WhiteFideId "24162345"]
[BlackFideId "4137329"]
[WhiteElo "2540"]
[BlackElo "2820"]
[Result "1/2-1/2"]
[Round "2"]
[TimeControl "180+1"]
[Date "2023.08.22"]
[WhiteClock "0:00:17"]
[BlackClock "0:00:05"]
[Board "63"]

1. d4 d5 2. c4 c6 3. Nf3 Nf6 4. Nc3 a6 5. e3 Bf5 6. Be2 e6 7. O-O Bd6 8. h3 Nbd7 9. Nh4 Be4 10. f3 Bg6 11. Nxg6 hxg6 12. f4 g5 13. c5 Bc7 14. Bd3 Nh5 15. b4 f5 16. a4 Ndf6 17. fxg5 Ne4 18. Nxe4 fxe4 19. Be2 Qxg5 20. Bxh5+ Rxh5 21. Qg4 Bh2+ 22. Kf2 Ke7 23. Qxg5+ Rxg5 24. g4 Bc7 25. Kg2 Rg6 26. Bd2 Rf6 27. Rxf6 gxf6 28. h4 Kf7 29. Be1 f5 30. g5 e5 31. dxe5 Bxe5 32. Rd1 Kg6 33. Bg3 Bc3 34. Rb1 Bd2 35. Kf2 d4 36. exd4 f4 37. Ke2 Be3 38. Rd1 Rh8 39. d5 cxd5 40. Rxd5 fxg3 41. Kxe3 Rxh4 42. b5 Rh1 43. Rd2 Kxg5 44. Kxe4 axb5 45. axb5 Kg4 46. Kd5 Rc1 47. c6 bxc6+ 48. bxc6 Kf3 49. Rd3+ Kf4 50. Rxg3 Kxg3 51. Kd6 Rxc6+ 52. Kxc6 1/2-1/2


[Site "https://www.chess.com"]

[Event "Titled Tuesday Blitz August 22 Early 2023"]
[White "Chos, Alexey"]
[Black "Klukin, Kirill"]
[WhiteFideId "14117762"]
[BlackFideId "24199273"]
[WhiteElo "2540"]
[BlackElo "2817"]
[Result "0-1"]
[Round "2"]
[TimeControl "180+1"]
[Date "2023.08.22"]
[WhiteClock "0:02:20"]
[BlackClock "0:01:01"]
[Board "64"]

1. c4 c5 2. g3 g6 3. Bg2 Bg7 4. Nf3 Nc6 5. O-O a6 6. e3 Rb8 7. d4 d6 8. Nc3 Nf6 9. dxc5 dxc5 10. Qxd8+ Nxd8 11. e4 Ne6 12. h3 b5 13. cxb5 axb5 14. e5 Nd7 15. Re1 Bb7 16. Nxb5 Bxf3 17. Bxf3 Rxb5 18. Bc6 Rb6 19. Ba4 Kd8 20. f4 Kc7 21. Kg2 Ra8 22. b3 Nd4 23. Rd1 f6 24. exf6 Bxf6 25. Be3 Rd6 26. Rac1 Ne2 27. Rxd6 exd6 28. Re1 Nc3 0-1


[Site "https://www.chess.com"]

[Event "Titled Tuesday Blitz August 22 Early 2023"]
[White "Budrewicz, Krzysztof"]
[Black "realmadridfc123"]
[WhiteFideId "1127950"]
[WhiteElo "2540"]
[BlackElo "2805"]
[Result "1/2-1/2"]
[Round "2"]
[TimeControl "180+1"]
[Date "2023.08.22"]
[WhiteClock "0:00:14"]
[BlackClock "0:00:02"]
[Board "65"]

1. d4 d5 2. c4 e6 3. Nc3 Nf6 4. Nf3 a6 5. e3 Nbd7 6. b3 Be7 7. Bb2 O-O 8. Be2 b6 9. cxd5 exd5 10. O-O Bb7 11. Rc1 Rc8 12. Ne5 Nxe5 13. dxe5 Ne8 14. f4 Bc5 15. Qd3 f6 16. Bf3 fxe5 17. Bxd5+ Bxd5 18. Qxd5+ Qxd5 19. Nxd5 Rd8 20. Rfd1 Rxd5 21. Rxd5 Bxe3+ 22. Kf1 Bxc1 23. Bxc1 exf4 24. Kf2 Nf6 25. Rd4 g5 26. Kf3 Kg7 27. h4 h6 28. hxg5 hxg5 29. Rc4 Nd5 30. Rc6 Re8 31. Bb2+ Kf7 32. Bd4 Re1 33. g3 Rf1+ 34. Kg2 Rd1 35. Be5 Ne3+ 36. Kf3 fxg3 37. Rxc7+ Ke6 38. Bxg3 Nf5 39. Bf2 Rd3+ 40. Ke2 Rd6 41. Ra7 b5 42. a4 g4 43. axb5 axb5 44. Rb7 g3 45. Ba7 Rd7 46. Rxd7 Kxd7 47. Kf3 Ke6 48. Kf4 g2 49. Kf3 Kd5 50. Kxg2 Nd4 51. b4 Nc2 52. Bc5 Kc4 53. Kf3 Nxb4 54. Bf8 Nc6 55. Ke2 Kc3 56. Kd1 Kb2 57. Bg7+ Kb3 58. Kc1 Nb4 59. Kb1 Nd5 60. Bh8 Ne3 61. Bg7 Nd5 62. Bh8 Nc3+ 63. Kc1 Kc4 64. Kc2 Nd5 65. Bg7 b4 66. Bh8 b3+ 67. Kb2 Nb6 68. Bg7 Na4+ 69. Ka3 Nc5 70. Kb2 Nd3+ 71. Ka3 Nf4 72. Kb2 Ne6 73. Bf6 Nf4 74. Bg7 Nd5 75. Bh8 Kb4 76. Bg7 Ka4 77. Bf8 Ne3 78. Kc3 Nd1+ 79. Kd2 Nb2 80. Bg7 Nc4+ 81. Kc1 Ka3 82. Bc3 Ka2 83. Kd1 Kb1 84. Bd4 Nb2+ 85. Kd2 Na4 86. Kd1 Nb2+ 87. Kd2 Na4 88. Kd1 Ka2 89. Kc1 Ka3 90. Kb1 b2 91. Bxb2+ 1/2-1/2


[Site "https://www.chess.com"]

[Event "Titled Tuesday Blitz August 22 Early 2023"]
[White "Bauman_Guy"]
[Black "subham777"]
[WhiteElo "2799"]
[BlackElo "2539"]
[Result "1-0"]
[Round "2"]
[TimeControl "180+1"]
[Date "2023.08.22"]
[WhiteClock "0:01:47"]
[BlackClock "0:00:04"]
[Board "66"]

1. e4 e6 2. d4 d5 3. Nc3 Nf6 4. Bg5 Be7 5. e5 Nfd7 6. Bxe7 Qxe7 7. f4 a6 8. Nf3 c5 9. dxc5 Nc6 10. Qd2 Qxc5 11. Bd3 h6 12. Qf2 Qb4 13. O-O-O Qxf4+ 14. Kb1 Ncxe5 15. Be2 Nxf3 16. Bxf3 O-O 17. Rhe1 Ne5 18. Rd4 Qf6 19. Qd2 Nc4 20. Qd3 b5 21. a4 b4 22. Nxd5 exd5 23. Bxd5 Ne5 24. Qe4 Ng6 25. Bxa8 Bf5 26. Qd5 Ne7 27. Qe5 Rxa8 28. Qxf6 gxf6 29. Rxe7 Be6 30. Rxb4 Rd8 31. b3 Rd1+ 32. Kb2 Rd2 33. h4 Rxg2 34. Ra7 Bf5 35. Rc4 Bd3 36. Rc3 Bf1 37. Rf3 Be2 38. Rxf6 Kg7 39. Raxf7+ Kh8 40. Re7 1-0


[Site "https://www.chess.com"]

[Event "Titled Tuesday Blitz August 22 Early 2023"]
[White "Keleberda, Tymur"]
[Black "Materia, Marco"]
[WhiteFideId "14174294"]
[BlackFideId "45150451"]
[WhiteElo "2535"]
[BlackElo "2799"]
[Result "1-0"]
[Round "2"]
[TimeControl "180+1"]
[Date "2023.08.22"]
[WhiteClock "0:00:23"]
[BlackClock "0:00:49"]
[Board "67"]

1. e4 c5 2. Nf3 e6 3. c3 d5 4. exd5 Qxd5 5. d4 Nf6 6. Na3 Nc6 7. Nb5 Qd8 8. Bf4 Nd5 9. Bg3 a6 10. Na3 cxd4 11. Nxd4 Bxa3 12. Nxc6 bxc6 13. bxa3 Qa5 14. Qd2 Qxa3 15. c4 Nf6 16. Bd6 Qa4 17. Bd3 c5 18. Bxc5 Qc6 19. Ba3 Qxg2 20. O-O-O Qc6 21. Qb4 Qc7 22. Bc2 Bd7 23. Qe7# 1-0


[Site "https://www.chess.com"]

[Event "Titled Tuesday Blitz August 22 Early 2023"]
[White "Vakhlamov, Igor L."]
[Black "Vovk, Orest"]
[WhiteFideId "24126748"]
[BlackFideId "14113490"]
[WhiteElo "2797"]
[BlackElo "2535"]
[Result "1-0"]
[Round "2"]
[TimeControl "180+1"]
[Date "2023.08.22"]
[WhiteClock "0:00:50"]
[BlackClock "0:00:11"]
[Board "68"]

1. e4 g5 2. d4 g4 3. Qxg4 d5 4. Qe2 dxe4 5. Qxe4 Nf6 6. Qd3 Nc6 7. c3 Qd5 8. Nf3 Bg4 9. Be2 O-O-O 10. Nbd2 e5 11. h3 e4 12. Nxe4 Bxf3 13. gxf3 Nh5 14. Qb5 f5 15. Qxd5 Rxd5 16. Ng3 Nxg3 17. fxg3 Bd6 18. Kf2 f4 19. g4 h5 20. Bd2 Be7 21. Bc4 Bh4+ 22. Kg2 Re8 23. Bxf4 Rd7 24. Bg3 Na5 25. Bd3 Bxg3 26. Kxg3 Kd8 27. Rae1 Rde7 28. Rxe7 Rxe7 29. gxh5 Re6 30. b3 Ke7 31. Be4 Rh6 32. Kh4 Nc6 33. Bxc6 Rxc6 34. c4 Kf6 35. Rg1 Kf7 36. Rg6 1-0


[Site "https://www.chess.com"]

[Event "Titled Tuesday Blitz August 22 Early 2023"]
[White "Boraso, Alessio"]
[Black "Gorovets, Andrey"]
[WhiteFideId "848077"]
[BlackFideId "13504037"]
[WhiteElo "2532"]
[BlackElo "2790"]
[Result "0-1"]
[Round "2"]
[TimeControl "180+1"]
[Date "2023.08.22"]
[WhiteClock "0:00:00"]
[BlackClock "0:00:39"]
[Board "69"]

1. e4 e5 2. Nc3 Nc6 3. Bc4 Bc5 4. Qg4 Nd4 5. Qxg7 Qf6 6. Qxf6 Nxf6 7. Bb3 Rg8 8. Kf1 c6 9. d3 a5 10. Na4 Ba7 11. c4 b5 12. cxb5 cxb5 13. Nc3 Ba6 14. Nd5 Nxd5 15. Bxd5 Rc8 16. Be3 b4 17. Bc4 Rxc4 18. dxc4 Bxc4+ 19. Ke1 Nc2+ 20. Kd1 Nxe3+ 21. fxe3 Rxg2 22. Rc1 Bd3 23. Nf3 Be2+ 24. Kd2 Bxf3+ 25. Kd3 Be2+ 26. Kd2 Bc4+ 27. Ke1 Bxa2 28. Ra1 Rxb2 29. Rg1 Bxe3 30. Rg8+ Ke7 31. Ra8 b3 32. Rxa5 Bd2+ 0-1


[Site "https://www.chess.com"]

[Event "Titled Tuesday Blitz August 22 Early 2023"]
[White "Cherniaiev, Tykhon"]
[Black "Badelka, Olga"]
[WhiteFideId "14182360"]
[BlackFideId "13509926"]
[WhiteElo "2790"]
[BlackElo "2529"]
[Result "1-0"]
[Round "2"]
[TimeControl "180+1"]
[Date "2023.08.22"]
[WhiteClock "0:00:59"]
[BlackClock "0:00:00"]
[Board "70"]

1. Nf3 d5 2. d4 Nf6 3. c4 e6 4. Nc3 a6 5. cxd5 exd5 6. Bg5 Be7 7. e3 O-O 8. Bd3 h6 9. Bh4 Re8 10. O-O Nbd7 11. Qc2 c6 12. Rae1 Ne4 13. Bxe7 Qxe7 14. Bxe4 dxe4 15. Nd2 Nf6 16. Rb1 Bg4 17. b4 Nd5 18. a3 Nxc3 19. Qxc3 Be2 20. Rfe1 Bd3 21. Rb2 f5 22. Nb3 Qf7 23. Nc5 f4 24. exf4 Qxf4 25. Re3 Kh8 26. Qe1 Bc4 27. Nxb7 Bd5 28. Nc5 a5 29. bxa5 Qf6 30. Qc3 Reb8 31. Nd7 Rxb2 32. Nxf6 Rb1+ 33. Re1 Rxe1+ 34. Qxe1 gxf6 35. Qb4 Kg7 36. Qb7+ 1-0


[Site "https://www.chess.com"]

[Event "Titled Tuesday Blitz August 22 Early 2023"]
[White "Lima, Kleyton Alcantara"]
[Black "Adewumi, Tanitoluwa"]
[WhiteFideId "22718397"]
[BlackFideId "30966396"]
[WhiteElo "2528"]
[BlackElo "2788"]
[Result "0-1"]
[Round "2"]
[TimeControl "180+1"]
[Date "2023.08.22"]
[WhiteClock "0:00:05"]
[BlackClock "0:00:13"]
[Board "71"]

1. e4 c5 2. Nf3 e6 3. d4 cxd4 4. Nxd4 Nc6 5. Nc3 Qc7 6. Qd3 a6 7. Nxc6 dxc6 8. Qg3 e5 9. Be3 Nf6 10. Be2 Be7 11. O-O-O Be6 12. f4 exf4 13. Bxf4 Qa5 14. Bd6 Bxd6 15. Qxd6 Rd8 16. Qxd8+ Qxd8 17. Rxd8+ Kxd8 18. e5 Nd7 19. Ne4 Nxe5 20. Nc5 Kc7 21. Nxe6+ fxe6 22. Rf1 Rd8 23. Rf4 Kd6 24. b4 Ke7 25. Re4 Nf7 26. a4 e5 27. c3 Kf6 28. a5 Nd6 29. Re3 e4 30. Kc2 Ke5 31. Rg3 Nf5 32. Rg5 Kf6 33. Rh5 Ne3+ 34. Kb3 h6 35. Rh4 Rd2 36. Bc4 Nxc4 37. Kxc4 e3 38. Re4 e2 39. g3 g6 40. h4 h5 41. Kc5 Rd5+ 42. Kb6 Re5 43. Rf4+ Ke7 0-1


[Site "https://www.chess.com"]

[Event "Titled Tuesday Blitz August 22 Early 2023"]
[White "Krzyzanowski, Marcin"]
[Black "ArtemDyachuk"]
[WhiteFideId "1132199"]
[WhiteElo "2777"]
[BlackElo "2527"]
[Result "1-0"]
[Round "2"]
[TimeControl "180+1"]
[Date "2023.08.22"]
[WhiteClock "0:00:03"]
[BlackClock "0:00:04"]
[Board "72"]

1. e4 c6 2. Nc3 d5 3. Nf3 dxe4 4. Nxe4 Nd7 5. d4 Ngf6 6. Ng3 g6 7. Bd3 Bg7 8. O-O Qc7 9. Re1 b6 10. c4 Bb7 11. Ne5 Nxe5 12. dxe5 Nd7 13. e6 fxe6 14. Qe2 O-O-O 15. Bc2 e5 16. b4 Nf8 17. Bb2 Ne6 18. Be4 c5 19. Bxb7+ Kxb7 20. Bxe5 Bxe5 21. Qxe5 Qxe5 22. Rxe5 Nf4 23. Rxe7+ Ka8 24. bxc5 Rd2 25. cxb6 axb6 26. Ne4 Rc2 27. a4 Rd8 28. a5 bxa5 29. Rxa5+ Kb8 30. Rb5+ Ka8 31. Rb1 Rxc4 32. h4 Rc2 33. Nf6 Rf8 34. Re4 Rc7 35. Ra4+ Ra7 36. Rxf4 Ra6 37. Nd5 Rd8 38. Ne3 Rad6 39. Ra4+ Ra6 40. Rxa6# 1-0


[Site "https://www.chess.com"]

[Event "Titled Tuesday Blitz August 22 Early 2023"]
[White "Kashefi, Amir Hosein"]
[Black "Orozbaev, Eldiar"]
[WhiteFideId "12557935"]
[BlackFideId "13802240"]
[WhiteElo "2522"]
[BlackElo "2775"]
[Result "1-0"]
[Round "2"]
[TimeControl "180+1"]
[Date "2023.08.22"]
[WhiteClock "0:00:23"]
[BlackClock "0:00:06"]
[Board "73"]

1. d4 Nf6 2. Nf3 e6 3. g3 b6 4. Bg2 Bb7 5. O-O Be7 6. Bg5 O-O 7. Qd3 d6 8. Bxf6 Bxf6 9. Ng5 Bxg5 10. Bxb7 Nd7 11. Bxa8 Qxa8 12. c3 e5 13. Nd2 Re8 14. e3 e4 15. Qb5 Qd8 16. Rae1 Nf8 17. f4 exf3 18. Rxf3 d5 19. Qd3 Ng6 20. Qf5 f6 21. h4 Bh6 22. Nf1 Qd6 23. e4 Ne7 24. Qh5 Ng6 25. e5 fxe5 26. Rxe5 Rxe5 27. dxe5 Qxe5 28. Qxe5 Nxe5 29. Rf5 Nd3 30. Rxd5 Nxb2 31. Rd8+ Kf7 32. Rd7+ Ke6 33. Rxc7 a5 34. Rc6+ Kd5 35. Rxb6 Nc4 36. Rb5+ Ke4 37. Rh5 Ne5 38. Kg2 a4 39. g4 Nxg4 40. Ra5 Kd3 41. Rxa4 Ne5 42. Ra8 Kxc3 43. Ng3 g6 44. Ra7 Be3 45. Rxh7 Kb4 46. Re7 Bf4 47. Ne2 Nd3 48. Nxf4 Nxf4+ 49. Kf3 Nh5 50. Rf7 Ka3 51. Kg4 Kxa2 52. Kg5 Kb3 53. Kxg6 Ng3 54. Rf3+ 1-0


[Site "https://www.chess.com"]

[Event "Titled Tuesday Blitz August 22 Early 2023"]
[White "Wagner, Dennis"]
[Black "seopie"]
[WhiteFideId "24650684"]
[WhiteElo "2772"]
[BlackElo "2521"]
[Result "0-1"]
[Round "2"]
[TimeControl "180+1"]
[Date "2023.08.22"]
[WhiteClock "0:00:04"]
[BlackClock "0:00:09"]
[Board "74"]

1. d4 Nf6 2. Nf3 d5 3. c4 e6 4. g3 dxc4 5. Bg2 c6 6. O-O b5 7. b3 cxb3 8. Qxb3 Bb7 9. Rd1 Nbd7 10. Ne5 Nxe5 11. dxe5 Nd7 12. Nc3 a6 13. Ne4 Be7 14. Ba3 O-O 15. Nd6 Bxd6 16. Bxd6 Re8 17. Rac1 Qc8 18. a4 c5 19. axb5 Bxg2 20. Kxg2 Qb7+ 21. f3 axb5 22. Bxc5 Nxe5 23. Bd6 Nc6 24. Rc5 b4 25. Rdc1 Nd4 26. Qd3 Nf5 27. Rb5 Qa6 28. Bxb4 Rad8 29. Rd5 Ne3+ 30. Kf2 Qxd3 31. Rxd3 Rxd3 32. exd3 Nd5 33. Bd2 h5 34. Rc2 Ra8 35. Ke2 Ra1 36. Be1 Kh7 37. Rb2 Kg6 38. Rc2 Rb1 39. h4 Ne7 40. g4 Nd5 41. Rc4 e5 42. gxh5+ Kxh5 43. Rg4 Nf4+ 44. Kd2 Kh6 45. Bg3 Ng6 46. Rg5 f6 47. Rg4 Rh1 48. Ke3 Kh5 49. Ra4 Rh3 50. Bf2 Nxh4 51. Bxh4 Rxh4 52. Ra7 Kg6 53. Rd7 Rh8 54. Rc7 Rh4 55. Rd7 Kh6 56. Re7 g6 57. Rd7 Kg5 58. Rd6 Ra4 59. Rc6 f5 60. Re6 f4+ 61. Ke2 Ra2+ 62. Ke1 Kf5 63. Re8 Rb2 64. Rf8+ Kg5 65. Re8 Kh4 66. Rxe5 Kg3 67. Rg5+ Kxf3 68. Rxg6 Re2+ 69. Kf1 Rd2 70. Kg1 Rxd3 71. Rf6 Kg3 72. Rg6+ Kf3 73. Rf6 Rd1+ 74. Kh2 Rd8 75. Kg1 Rg8+ 76. Kf1 Re8 77. Rf7 Ke3 78. Rf6 Ra8 79. Re6+ Kf3 80. Rf6 Ra1# 0-1


[Site "https://www.chess.com"]

[Event "Titled Tuesday Blitz August 22 Early 2023"]
[White "Kovalevsky, Stanislav"]
[Black "Kushko, Dmitriy"]
[WhiteFideId "13508598"]
[BlackFideId "14162261"]
[WhiteElo "2521"]
[BlackElo "2768"]
[Result "0-1"]
[Round "2"]
[TimeControl "180+1"]
[Date "2023.08.22"]
[WhiteClock "0:00:02"]
[BlackClock "0:00:02"]
[Board "75"]

1. e4 g6 2. Nc3 Bg7 3. g3 c5 4. Bg2 Nc6 5. f4 d6 6. Nf3 Bg4 7. h3 Bxf3 8. Qxf3 e6 9. Ne2 Nge7 10. c3 O-O 11. h4 d5 12. d3 f5 13. h5 c4 14. exd5 cxd3 15. dxc6 dxe2 16. cxb7 Rb8 17. Qxe2 Qd6 18. O-O gxh5 19. Re1 Rf6 20. Be3 Nd5 21. Bd4 Rg6 22. Bxg7 Kxg7 23. c4 Nf6 24. Qxe6 Qd4+ 25. Qe3 Qxb2 26. c5 h4 27. c6 Rxg3 28. Qe2 Qb6+ 29. Qf2 Qxc6 30. Re7+ Kh6 31. Qxg3 Qc5+ 32. Qf2 Qxe7 33. Qxh4+ Kg6 34. Re1 Qc5+ 35. Kh1 h6 36. Bf3 Ng4 37. Rg1 h5 38. Qg5+ Kf7 39. Qxh5+ Ke6 40. Qg6+ Nf6 41. Qg5 Rh8+ 42. Kg2 Qc2+ 43. Kg3 Qh2# 0-1


[Site "https://www.chess.com"]

[Event "Titled Tuesday Blitz August 22 Early 2023"]
[White "Kosteniuk, Alexandra"]
[Black "Glavina, Pablo"]
[WhiteFideId "4128125"]
[BlackFideId "100234"]
[WhiteElo "2751"]
[BlackElo "2517"]
[Result "1-0"]
[Round "2"]
[TimeControl "180+1"]
[Date "2023.08.22"]
[WhiteClock "0:00:03"]
[BlackClock "0:00:00"]
[Board "76"]

1. Nf3 d5 2. g3 Nc6 3. d4 Bf5 4. Bg2 Nb4 5. Na3 e6 6. O-O Be7 7. Ne5 c6 8. f3 Nf6 9. Re1 h6 10. e4 Bh7 11. c3 Na6 12. Nc2 O-O 13. b4 Nc7 14. a4 a5 15. g4 Nd7 16. Nd3 b5 17. bxa5 Rxa5 18. Ncb4 Qa8 19. Bf4 Rc8 20. Bxc7 Rxc7 21. axb5 cxb5 22. Rxa5 Qxa5 23. exd5 Rxc3 24. dxe6 fxe6 25. Qe2 Nf8 26. d5 Bxd3 27. Nxd3 Rxd3 28. dxe6 Rd6 29. f4 b4 30. f5 Qc5+ 31. Kh1 b3 32. Be4 Rb6 33. Qb2 Bf6 34. Qb1 b2 35. Rd1 Kh7 36. h4 Qe5 37. g5 hxg5 38. hxg5 Rb3 39. Bg2 Bxg5 40. f6+ g6 41. e7 Qg3 42. exf8=N+ 1-0


[Site "https://www.chess.com"]

[Event "Titled Tuesday Blitz August 22 Early 2023"]
[White "Tikhonov, Viacheslav"]
[Black "Weetik, Vjacheslav"]
[WhiteFideId "44196407"]
[BlackFideId "4153472"]
[WhiteElo "2516"]
[BlackElo "2747"]
[Result "0-1"]
[Round "2"]
[TimeControl "180+1"]
[Date "2023.08.22"]
[WhiteClock "0:00:02"]
[BlackClock "0:00:04"]
[Board "77"]

1. d4 Nf6 2. c4 e6 3. Nf3 Bb4+ 4. Bd2 Qe7 5. Nc3 b6 6. e3 Bb7 7. Bd3 O-O 8. Qc2 d5 9. a3 Bd6 10. cxd5 exd5 11. Nb5 Nbd7 12. Nxd6 cxd6 13. O-O Rac8 14. Qa4 a6 15. Rfc1 Ne4 16. Be1 Ndf6 17. h3 h5 18. Qb3 Nd7 19. a4 g5 20. Qd1 f5 21. Nd2 g4 22. hxg4 fxg4 23. Rxc8 Bxc8 24. Nxe4 dxe4 25. Bc4+ Kh7 26. Bb4 Nf6 27. Qc2 h4 28. Rc1 g3 29. f3 Bf5 30. Bxa6 Bg6 31. Qc7 Qxc7 32. Rxc7+ Kh6 33. Bxd6 Ra8 34. Bf4+ Kh5 35. Be2 Rxa4 36. fxe4+ Ng4 37. Rc1 Bxe4 38. Bc7 Ra2 39. Bxb6 Rxb2 40. Rc5+ Kg6 41. Bxg4 Rb1+ 42. Bd1 Rxd1# 0-1


[Site "https://www.chess.com"]

[Event "Titled Tuesday Blitz August 22 Early 2023"]
[White "Blanco Ronquillo, Humberto L."]
[Black "Karamsetty, Jeevan"]
[WhiteFideId "3504239"]
[BlackFideId "2025337"]
[WhiteElo "2742"]
[BlackElo "2515"]
[Result "0-1"]
[Round "2"]
[TimeControl "180+1"]
[Date "2023.08.22"]
[WhiteClock "0:00:19"]
[BlackClock "0:00:40"]
[Board "78"]

1. e4 g6 2. d4 d6 3. Nc3 Bg7 4. h3 a6 5. Nf3 Nf6 6. Be2 b5 7. e5 Nfd7 8. e6 fxe6 9. Ng5 Nf6 10. Bf3 c6 11. Qe2 Qd7 12. h4 b4 13. Nce4 Nxe4 14. Bxe4 d5 15. Bd3 Bxd4 16. Nxh7 c5 17. Bxg6+ Kd8 18. Ng5 Kc7 19. Bf4+ Kb7 20. Be5 Rf8 21. Bxd4 cxd4 22. Bf7 Nc6 23. Bxe6 Qd6 24. g3 d3 25. Qg4 Qe5+ 26. Kf1 dxc2 27. Re1 Qxe1+ 0-1


[Site "https://www.chess.com"]

[Event "Titled Tuesday Blitz August 22 Early 2023"]
[White "Kourkoulos-Arditis, Stamatis"]
[Black "Sanduleac, Vasile"]
[WhiteFideId "4221990"]
[BlackFideId "13900161"]
[WhiteElo "2732"]
[BlackElo "2498"]
[Result "1/2-1/2"]
[Round "2"]
[TimeControl "180+1"]
[Date "2023.08.22"]
[WhiteClock "0:00:27"]
[BlackClock "0:00:46"]
[Board "79"]

1. d4 d6 2. Bf4 g6 3. e3 Bg7 4. h3 Nd7 5. Nf3 b6 6. Bd3 Bb7 7. Bh2 Ngf6 8. O-O O-O 9. c3 c5 10. Nbd2 a6 11. a4 Qc7 12. e4 e5 13. d5 Nh5 14. Re1 Nf4 15. Bf1 Bc8 16. Nc4 Rb8 17. b4 h6 18. Rb1 Nh5 19. Qd2 f5 20. Nh4 fxe4 21. Nxg6 Rf7 22. Rxe4 Ndf6 23. Rh4 Bf5 24. Ngxe5 dxe5 25. Bxe5 Qd8 26. Rd1 Bg6 27. Bxb8 Qxb8 28. d6 Nd7 29. Bd3 Bxd3 30. Qxd3 Nf4 31. Qe4 Qf8 32. g3 Nxh3+ 33. Rxh3 Rxf2 34. Qe6+ Kh7 35. Qxd7 Qf3 36. Rxh6+ Kxh6 37. Qh3+ Kg6 38. Re1 Re2 39. Rf1 Qe4 40. d7 Bd4+ 41. cxd4 Qxd4+ 42. Kh1 Qe4+ 43. Kg1 Qd4+ 44. Kh1 Qe4+ 45. Kg1 Qd4+ 1/2-1/2


[Site "https://www.chess.com"]

[Event "Titled Tuesday Blitz August 22 Early 2023"]
[White "Korelskiy, Egor"]
[Black "Leiva, Gianmarco"]
[WhiteFideId "34329064"]
[BlackFideId "3804399"]
[WhiteElo "2497"]
[BlackElo "2728"]
[Result "0-1"]
[Round "2"]
[TimeControl "180+1"]
[Date "2023.08.22"]
[WhiteClock "0:00:39"]
[BlackClock "0:00:58"]
[Board "80"]

1. e4 c5 2. Nf3 d6 3. d4 cxd4 4. Nxd4 Nf6 5. Nc3 a6 6. h3 e5 7. Nde2 h5 8. g3 Be7 9. Bg2 b5 10. O-O Bb7 11. Be3 Nbd7 12. a4 b4 13. Nd5 Nxd5 14. exd5 Bg5 15. Bxg5 Qxg5 16. Qe1 a5 17. Nd4 O-O 18. Nb5 Ba6 19. Nxd6 Bxf1 20. Qxf1 Qg6 21. Ne4 f5 22. Nd2 e4 23. Nc4 h4 24. Qe1 hxg3 25. fxg3 Rac8 26. b3 Nb6 27. Ne5 Qf6 28. Nc6 Nxd5 29. Nxa5 Qb6+ 30. Kh1 Qxa5 31. Rd1 Rcd8 32. Bf1 Nc3 33. Bc4+ Kh7 34. Rd3 exd3 35. g4 Qa8+ 36. Kh2 Qb8+ 37. Kg2 Qb7+ 38. Kh2 Qc7+ 39. Kg2 Qc6+ 40. Kh2 d2 0-1


[Site "https://www.chess.com"]

[Event "Titled Tuesday Blitz August 22 Early 2023"]
[White "Swicarz, Maciej"]
[Black "Lei, Tingjie"]
[WhiteFideId "1113585"]
[BlackFideId "8605114"]
[WhiteElo "2464"]
[BlackElo "2727"]
[Result "0-1"]
[Round "2"]
[TimeControl "180+1"]
[Date "2023.08.22"]
[WhiteClock "0:00:03"]
[BlackClock "0:01:02"]
[Board "81"]

1. c4 c5 2. Nf3 Nf6 3. Nc3 Nc6 4. g3 g6 5. Bg2 Bg7 6. d4 cxd4 7. Nxd4 O-O 8. O-O Qa5 9. e3 Qc5 10. b3 d5 11. Na4 Qd6 12. Nb5 Qd8 13. cxd5 Nxd5 14. Rb1 a6 15. Na3 Ndb4 16. Qe2 Bf5 17. e4 Be6 18. Be3 Nd4 19. Bxd4 Qxd4 20. Rfd1 Qa7 21. e5 Rad8 22. Kh1 b5 23. Nc3 Qc5 24. Ne4 Qxe5 25. Qe1 a5 26. f4 Qb8 27. Nc5 Bf5 28. Rxd8 Rxd8 29. Rd1 Rxd1 30. Qxd1 Bb2 31. Qe2 Bxa3 32. Qxe7 Nd3 0-1


[Site "https://www.chess.com"]

[Event "Titled Tuesday Blitz August 22 Early 2023"]
[White "Hulka, Valentyn"]
[Black "Fule, Simon"]
[WhiteFideId "34107061"]
[BlackFideId "787515"]
[WhiteElo "2724"]
[BlackElo "2464"]
[Result "1-0"]
[Round "2"]
[TimeControl "180+1"]
[Date "2023.08.22"]
[WhiteClock "0:00:19"]
[BlackClock "0:00:00"]
[Board "82"]

1. d4 Nf6 2. c4 g6 3. Nc3 d6 4. e4 Nbd7 5. h3 e5 6. Nf3 Bg7 7. Be3 O-O 8. d5 Nc5 9. Nd2 a5 10. g4 c6 11. Be2 cxd5 12. cxd5 Bd7 13. g5 Ne8 14. h4 f5 15. gxf6 Nxf6 16. Qc2 Rc8 17. h5 b5 18. hxg6 b4 19. gxh7+ Kh8 20. Nb5 Ncxe4 21. Qd1 Rb8 22. Nxe4 Nxe4 23. Na7 Qf6 24. Rh2 Qg6 25. Bf1 Bg4 26. Qd3 Bf5 27. Rg2 Qf7 28. Nc6 Rbc8 29. Qd1 Nf6 30. Nxa5 Nxd5 31. Nc4 Rcd8 32. Qd2 Be4 33. Rg4 Nf6 34. Rh4 Qe6 35. Bh3 Qe7 36. Nb6 d5 37. Bg5 Bg6 38. Rc1 d4 39. Nc4 e4 40. Qf4 1-0


[Site "https://www.chess.com"]

[Event "Titled Tuesday Blitz August 22 Early 2023"]
[White "Koellner, Ruben Gideon"]
[Black "Issabayev, Dias"]
[WhiteFideId "12993093"]
[BlackFideId "13703110"]
[WhiteElo "2720"]
[BlackElo "2459"]
[Result "1-0"]
[Round "2"]
[TimeControl "180+1"]
[Date "2023.08.22"]
[WhiteClock "0:00:38"]
[BlackClock "0:00:04"]
[Board "83"]

1. d4 g6 2. Nf3 Bg7 3. Nbd2 d5 4. e3 Nf6 5. b4 O-O 6. c4 a5 7. b5 c5 8. dxc5 Qc7 9. Ba3 Rd8 10. Rc1 Nbd7 11. cxd5 Nxd5 12. Bc4 Nc3 13. Qb3 Nxc5 14. Bxc5 Qxc5 15. Rxc3 Bxc3 16. Qxc3 Be6 17. Qe5 Qxe5 18. Nxe5 Rac8 19. Bxe6 Rc1+ 20. Ke2 Rxh1 21. Bxf7+ Kg7 22. Bb3 Rxh2 23. g3 h5 24. Ndc4 a4 25. Bxa4 Rh1 26. Bb3 g5 27. Nf3 h4 28. Nxg5 h3 29. Ne6+ Kf6 30. Nxd8 h2 31. Nd2 Re1+ 32. Kxe1 h1=Q+ 33. Nf1 Qh5 34. a4 Qc5 35. Nd2 Qc7 36. Ne6 b6 37. Nd4 Qc1+ 38. Ke2 e5 39. Nc6 Qb2 40. f4 exf4 41. gxf4 Qc3 42. Ne4+ Kf5 43. Nxc3 1-0


[Site "https://www.chess.com"]